 Dungeon Crawl Stone Soup version 0.30-a0-377-g5cb311bc9f (webtiles) character file.

Game seed: 17665217198884107117

12104 ma3 the Martial Artist (level 11, -12/80 HPs)
             Began as an Octopode Transmuter on Nov 27, 2022.
             Was a Follower of Nemelex Xobeh.
             Mangled by Snorg (15 damage)
             ... on level 10 of the Dungeon.
             The game lasted 00:15:51 (8606 turns).

ma3 the Martial Artist (Octopode Transmuter)        Turns: 8606, Time: 00:15:52

Health: -12/80     AC:  1    Str: 22    XL:     11   Next: 88%
Magic:  8/14       EV: 18    Int: 19    God:    Nemelex Xobeh [*.....]
Gold:   485        SH:  0    Dex: 25    Spells: 2/14 levels left

rFire   . . .      SeeInvis .      - Unarmed
rCold   . . .      Faith    .    (shield currently unavailable)
rNeg    . . .      Spirit   .    (helmet restricted)
rPois   .          Reflect  .    z - amulet of regeneration
rElec   .          Harm     .    k - ring of wizardry
rCorr   .          Rampage  .    b - +6 ring of strength
Will    .....                    i - ring of wizardry
Stlth   +++++.....               A - +6 ring of dexterity
HPRegen 1.13/turn                I - +6 ring of dexterity
MPRegen 0.14/turn                J - +6 ring of strength
                                 (no ring)
                                 (no ring)

@: blade tentacles, wereblooded
A: almost no armour, amphibious, 8 rings, camouflage 1, gelatinous body 1,
(nimble swimmer 1), tentacles
a: End Transformation, Renounce Religion, Draw Escape, Draw Destruction, Draw
Summoning


You were on level 10 of the Dungeon.
You worshipped Nemelex Xobeh.
Nemelex Xobeh was aware of your devotion.
You had blades for main tentacles.
You visited 2 branches of the dungeon, and saw 11 of its levels.
You also visited: Bailey.

You collected 1493 gold pieces.
You spent 1008 gold pieces at shops.

Inventory:

Jewellery
 b - a +6 ring of strength (right blade tentacle)
 i - a ring of wizardry (on tentacle)
 k - a ring of wizardry (left blade tentacle)
 x - an amulet of the acrobat
 z - an amulet of regeneration (around mantle)
 A - a +6 ring of dexterity (on tentacle)
 G - an amulet of reflection
 I - a +6 ring of dexterity (on tentacle)
 J - a +6 ring of strength (on tentacle)
Wands
 h - a wand of flame (7)
 v - a wand of roots (10)
 y - a wand of mindburst (10)
 C - a wand of quicksilver (2)
 E - a wand of digging (5)
Scrolls
 c - 5 scrolls of teleportation
 n - 2 scrolls of brand weapon
 r - 2 scrolls of butterflies
 B - a scroll of amnesia
 D - a scroll of enchant armour
 F - a scroll of magic mapping
 K - a scroll of enchant weapon
Potions
 a - 3 potions of lignification
 d - 5 potions of resistance
 e - 3 potions of flight
 f - 3 potions of brilliance {unknown}
 g - 5 potions of mutation
 j - a potion of berserk rage {unknown}
 l - a potion of ambrosia {unknown}
 m - 3 potions of haste
 o - 2 potions of might {unknown}
 p - 4 potions of curing
 q - 7 potions of heal wounds
 s - 9 potions of magic
 t - a potion of degeneration {unknown}
 u - 5 potions of attraction
 w - 2 potions of invisibility {unknown}
 H - a potion of cancellation {unknown}


   Skills:
 + Level 9.5 Fighting
 + Level 5.7 Dodging
 - Level 6.9 Stealth
 - Level 9.8 Unarmed Combat
 - Level 2.0 Spellcasting
 - Level 9.1 Transmutations
 - Level 7.1 Ice Magic


You had 2 spell levels left.
You knew the following spells:

 Your Spells              Type           Power      Damage    Failure   Level
a - Beastly Appendage     Tmut           72%        N/A       3%          1
b - Wereblood             Tmut           36%        N/A       3%          2
c - Ice Form              Ice/Tmut       32%        N/A       11%         4
d - Blade Hands           Tmut           18%        N/A       14%         5

Your spell library contained the following spells:

 Spells                   Type           Power      Damage    Failure   Level
 Sting                    Tmut/Pois      76%        1d6       7%          1
 Poisonous Vapours        Pois/Air       2%         N/A       24%         2
 Spider Form              Tmut/Pois      19%        N/A       12%         3
 Ignite Poison            Fire/Tmut/Pois 13%        N/A       17%         3
 Kindle Blastsparks       Fire/Tloc/Air  2%         2d10      36%         3
 Portal Projectile        Hex/Tloc       2%         N/A       36%         3
 Tukima's Dance           Hex            1%         N/A       36%         3
 Olgreb's Toxic Radiance  Pois           1%         N/A       67%         4
 Freezing Cloud           Conj/Ice/Air   5%         6-21      69%         5


Dungeon Overview and Level Annotations

Branches:
Dungeon (10/15)            Temple (1/1) D:7          Bailey (visited)
   Lair: D:8-11         Orc: D:9-12

Altars:
Cheibriados
Dithmenos
Elyvilon
Fedhas
Gozag
Hepliaklqana
Makhleb
Nemelex Xobeh
Okawaru
Qazlal
Ru
Sif Muna
Trog
Uskayaw
Vehumet
Wu Jian
Xom
Yredelemnul
Zin
The Shining One

Shops:
D:8 =

Annotations:
D:10 Snorg


Innate Abilities, Weirdness & Mutations

You have blades for main tentacles.
Your spellcasting is less reliable in this form.
You are incapable of wielding weapons or throwing items.
You cannot wear most types of armour.
You are amphibious.
You can wear up to eight rings at the same time.
Your skin changes colour to match your surroundings (Stealth+).
Your rubbery body absorbs attacks. (AC +1, EV +1)
((You are camouflaged when in or above water. (Stealth+)))
You have tentacles for arms and can constrict up to eight enemies at once.


Message History

HP restored.
You now have 485 gold pieces (gained 18).
You open the door.
There is an open door here.
As you open the door, it creaks loudly!
You open the door.
There is an open door here.
You open the door.
There is an open door here.
You open the door.
Found a scroll of poison.
Found a scroll of immolation.
There is an open door here.
Snorg the Insatiable comes into view.
Your main tentacles turn into razor-sharp scythe blades.
Casting: Blade Hands (dangerous; 14% risk of failure)
Confirm with . or Enter, or press ? or * to list all spells.
Your blood is infused with primal strength.
Snorg shouts!
Snorg bites you. Snorg claws you. x2
You barely miss Snorg. Snorg completely misses you. Snorg barely misses you.
Snorg claws you!
You slash Snorg! You squeeze Snorg.
Snorg is lightly wounded.
Snorg goes berserk!
You slice Snorg!! You squeeze Snorg, but do no damage.
Snorg is moderately wounded.
Snorg bites you!! Snorg closely misses you. Snorg barely misses you.
You slice Snorg!! You squeeze Snorg!
Snorg is heavily wounded.
Snorg misses you. Snorg closely misses you. Snorg claws you!
You barely miss Snorg. You squeeze Snorg.
Snorg is heavily wounded.
Snorg misses you. Snorg claws you!!
* * * LOW HITPOINT WARNING * * *
Snorg claws you!
* * * LOW HITPOINT WARNING * * *
Snorg completely misses you. Snorg claws you!
You die...
Your body glows slightly and disappears.

*,,,.....##......#
*******#..'......#
####......# ##'#####
#..## ##..# #####
##'##### ....#
###~.#T..# ....#
#~~~.#@..# ....#
#~...#...# ....#
**##.♣###...#
....####..#'##.....#
....#....##........#
....'.#***#........#
....### #.?......#
....# #......?.#
....# ######+###


You could see Snorg (berserk).

Vanquished Creatures
  A two-headed ogre (D:10)
  An orc knight (Bailey)
  Maurice (D:9)
  Joseph (D:10)
  A kobold demonologist (D:9)
  A hornet (D:8)
  A troll (D:9)
  2 wyverns (D:9)
  A steam dragon (D:7)
  9 yaks
  4 water moccasins
  3 orc warriors
  2 black bears (D:6)
  An ice beast (D:7)
  An ogre (D:5)
  2 centaurs
  A phantom (D:5)
  3 bullfrogs
  3 kobold brigands
  A gnoll sergeant (D:10)
  A necrophage (D:5)
  A scorpion (D:5)
  4 wights (D:8)
  5 killer bees (D:9)
  5 howler monkeys
  5 orc priests
  A gnoll bouda (D:5)
  A scorpion zombie (D:3)
  2 iguanas
  8 orc wizards
  15 gnolls
  14 adders
  A shadow imp (D:5)
  2 white imps
  2 ufetubi
  2 worms
  3 dart slugs
  54 orcs
  6 endoplasms
  4 giant cockroaches
  9 goblins
  4 hobgoblins
  4 jackals
  25 kobolds
  3 quokkas
  8 ball pythons
  2 bats
  A giant cockroach zombie (D:3)
  3 rats
235 creatures vanquished.

Vanquished Creatures (others)
  A plant (D:3)
1 creature vanquished.

Grand Total: 236 creatures vanquished

Notes
Turn   | Place    | Note
-------+----------+-------------------------------------------
     0 | D:1      | ma3 the Octopode Transmuter began the quest for the Orb.
     0 | D:1      | Reached XP level 1. HP: 13/13 MP: 3/3
   139 | D:1      | Reached XP level 2. HP: 10/18 MP: 5/5
   715 | D:2      | Reached XP level 3. HP: 18/24 MP: 4/6
   774 | D:2      | Identified the +0 pair of boots of Insurance {rN+ Str-2
                  | Dex+3 Stlth+}
  1012 | D:2      | Reached XP level 4. HP: 23/30 MP: 5/7
  1389 | D:3      | Learned a level 2 spell: Wereblood
  1394 | D:3      | Learned a level 4 spell: Ice Form
  1472 | D:3      | Reached XP level 5. HP: 16/36 MP: 5/8
  1799 | D:3      | Reached skill level 1 in Ice Magic
  2186 | D:3      | Found a basalt altar of Yredelemnul.
  2562 | D:4      | Reached XP level 6. HP: 42/42 MP: 6/9
  3147 | D:5      | Entered Level 5 of the Dungeon
  3240 | D:5      | Reached skill level 5 in Unarmed Combat
  3240 | D:5      | Reached XP level 7. HP: 48/48 MP: 5/10
  3757 | D:5      | Reached XP level 8. HP: 50/54 MP: 7/11
  4103 | D:5      | Found an opulent altar of Gozag.
  4319 | D:5      | Reached skill level 5 in Fighting
  4465 | D:6      | Identified the +0 scale mail "Aforhox" {+Inv rN+++ Str-2
                  | Slay-2}
  4607 | D:6      | Reached skill level 5 in Transmutations
  5250 | D:7      | Reached XP level 9. HP: 49/62 MP: 7/12
  5259 | D:7      | Reached skill level 5 in Ice Magic
  5692 | D:7      | Found a radiant altar of Vehumet.
  5732 | D:7      | Found a staircase to the Ecumenical Temple.
  5738 | Temple   | Entered the Ecumenical Temple
  5821 | Temple   | Became a worshipper of Nemelex Xobeh the Trickster
  6011 | D:8      | Noticed a hornet
  6015 | D:8      | Killed a hornet
  6068 | D:8      | Found Voofarits's Jewellery Shoppe.
  6225 | D:8      | Found a shadowy altar of Dithmenos.
  6563 | D:8      | Reached * piety under Nemelex Xobeh
  6743 | D:9      | Noticed a kobold demonologist
  6744 | D:9      | Received a gift from Nemelex Xobeh
  6744 | D:9      | Noticed Maurice
  6750 | D:9      | Killed Maurice
  6790 | D:9      | Noticed a troll
  6804 | D:9      | Killed a troll
  6807 | D:10     | Entered Level 10 of the Dungeon
  6823 | D:10     | Noticed Joseph
  6837 | D:10     | Killed Joseph
  6838 | D:10     | Reached XP level 10. HP: 38/71 MP: 13/13
  6883 | D:10     | Noticed a two-headed ogre
  6889 | D:10     | Killed a two-headed ogre
  6956 | D:10     | Found a flagged portal.
  6995 | Bailey   | Entered a bailey
  7247 | Bailey   | Noticed an orc knight
  7253 | Bailey   | Killed an orc knight
  7505 | D:10     | Learned a level 5 spell: Blade Hands
  7619 | D:9      | Reached XP level 11. HP: 79/79 MP: 14/14
  7668 | D:9      | Found a shimmering altar of Xom.
  7669 | D:9      | Found a shimmering altar of Xom.
  7670 | D:9      | Found a shimmering altar of Xom.
  7671 | D:9      | Found a shimmering altar of Xom.
  7673 | D:9      | Found a shimmering altar of Xom.
  7673 | D:9      | Found a shimmering altar of Xom.
  7673 | D:9      | Found a shimmering altar of Xom.
  7811 | D:9      | Reached skill level 5 in Dodging
  8282 | D:9      | Found a blossoming altar of Fedhas.
  8367 | D:9      | Identified a scroll of acquirement
  8367 | D:9      | Acquired 1028 gold pieces
  8417 | D:8      | Bought a +6 ring of dexterity for 504 gold pieces
  8417 | D:8      | Bought a +6 ring of strength for 504 gold pieces
  8591 | D:10     | Noticed Snorg
  8606 | D:10     | HP: 3/80 [Snorg (14)]
  8606 | D:10     | Mangled by Snorg

Illustrated notes

Levels and vault maps discovered:
D:1:      minmay_arrival_open_corners, layout_loops_cross, feat_on_display
D:2:      layout_basic
D:3:      cheibrodos_old_hovel, layout_loops_ring,
          lemuel_zombie_altar_yredelemnul, hangedman_decor_riveting,
          minmay_bisected
D:4:      layout_basic, item_on_display_a
D:5:      layout_layer_cave, grunt_gozag_breadcrumbs, st_stairs_6,
          minmay_starry_boxes
D:6:      cheibrodos_quashed, layout_rooms, grunt_decor_arrowhead,
          serial_park_tiny_pond
D:7:      layout_basic, mainiacjoe_overflow_surrounded_room,
          minmay_temple_entry_nine_rooms
D:8:      layout_basic, mainiacjoe_overflow_alcove_1, serial_corexii_hall,
          corexii_hall_statues_u, corexii_hall_statues_deadend,
          chequers_hall_statues_wall_a, corexii_hall_statues_u, st_stairs_12,
          roderic_lattice_a, minmay_shop_enchanted_jewellery
D:9:      layout_roguey, fedhas_altar_4, xom_shifter_show, uniq_maurice
D:10:     layout_roguey, amethyst_overflow_temple_binary, enter_bailey_2,
          kennysheep_nondescript, grunt_potential, uniq_snorg, uniq_joseph
Temple:   zaba_magenta_temple

Skill      XL: |  1  2  3  4  5  6  7  8  9 10 11 |
---------------+----------------------------------+-----
Fighting       | 2 3 4 5 7 9 |  9.5
Unarmed Combat | 4 5 6 8 9 |  9.8
Ice Magic      | 1 2 3 4 6 7 |  7.1
Transmutations | 3 4 5 7 8 9 |  9.1
Dodging        | 4 5 |  5.7
Stealth        | 6 |  6.9
Spellcasting   | |  2.0

Action                   |  1- 3 |  4- 6 |  7- 9 | 10-12 || total
-------------------------+-------+-------+-------+-------++-------
Melee: Unarmed           |    65 |   123 |   186 |   196 ||   570
       Kick              |    19 |    35 |       |       ||    54
       Constrict         |    18 |    36 |     1 |     6 ||    61
       Tentacles         |    12 |    26 |     1 |    11 ||    50
       Punch             |     2 |     5 |       |     1 ||     8
 Cast: Beastly Appendage |    16 |    25 |       |       ||    41
       Wereblood         |       |     5 |       |     2 ||     7
       Ice Form          |       |     2 |    29 |    16 ||    47
       Blade Hands       |       |       |       |     2 ||     2
Invok: Draw Destruction  |       |       |       |     2 ||     2
Evoke: Wand              |       |       |       |     1 ||     1
  Use: Potion            |       |     1 |     4 |     1 ||     6
       Scroll            |       |     6 |    11 |     2 ||    19
 Stab: Sleeping          |     7 |     4 |       |     5 ||    16
Armor: Skin              |     1 |    13 |    56 |    47 ||   117
Dodge: Dodged            |    32 |    75 |    80 |   104 ||   291

Table legend: (Time is in decaauts)
 A = Elapsed time spent in this place.
 B = Non-inter-level travel time spent in this place.
 C = Inter-level travel time spent in this place.
 D = Time resting spent in this place.
 E = Time spent auto-exploring this place.
 F = Levels seen in this place.
 G = Mean time per level.
                   A        B        C        D        E       F      G
               +--------+--------+--------+--------+--------+-----+--------+
         Total |   8524 |   8127 |    397 |    195 |   6139 |  12 |  710.3 |
       Dungeon |   7932 |   7535 |    397 |    195 |   5785 |  10 |  793.2 |
        Temple |     96 |     96 |      0 |      0 |      7 |   1 |   96.0 |
        Bailey |    495 |    495 |      0 |      0 |    347 |   1 |  495.0 |
               +--------+--------+--------+--------+--------+-----+--------+

Top non-repeatable levels by time:
     D:5: 1142 daAuts
     D:3: 1007 daAuts
     D:9: 926 daAuts
     D:4: 878 daAuts
     D:8: 832 daAuts
     D:6: 740 daAuts
     D:2: 698 daAuts
     D:1: 673 daAuts
     D:7: 655 daAuts
  Bailey: 495 daAuts
    D:10: 376 daAuts
  Temple: 96 daAuts
